cohdb
Replays
Latest Replays
All Replays
Popular Replays
Top Player Replays
Match Explorer
How It Works
Community
CoH3 Stats
Reddit
Sign in to upload your games and track your stats! →
Sign in with Steam
Match 42819014
Unlisted
Match 42819014
Overview
Messages
Build Orders
End
Kettenkrad Recon Vehicle
Construct Infanterie Kompanie
MG 42 Machine Gun Team
Grenadier Squad
GrW 34 Mortar Team
Grenadier Squad
Construct Luftwaffe Kompanie
221 Scout Car
Forward Retreat Point
Support Elements
Flak 30 Anti-aircraft Gun Team
Medical Bunker
Pioneer Squad
Wirbelwind Flakpanzer
Marder III M Tank Destroyer
Selects Mechanized Battlegroup
Selects Mobile Repair Stations
Selects Wespe Self-propelled Artillery
MG 42 Machine Gun Team
Wespe Self-propelled Artillery
Jäger Squad
Selects Raid Package
Jäger Squad
Wespe Self-propelled Artillery
Doreme
Lazlow
_______
kaboomcanuck
Eman
admiral_gnar
0
0
Comments
sign in to comment!
No comments posted yet!